 Dungeon Crawl Stone Soup version 0.20.0-15-g7f486f2 (webtiles) character file.

35 Chiseanne the Magician (level 3, -1/24 HPs)
             Began as a Demonspawn Wizard on June 14, 2017.
             Slain by a gnoll
             ... wielding a +0 flail
              (3 damage)
             ... on level 1 of the Dungeon.
             The game lasted 00:02:13 (1406 turns).

Chiseanne the Magician (Demonspawn Wizard)          Turns: 1406, Time: 00:02:13

Health: -1/24      AC:  3    Str:  7    XL:     3   Next: 16%
Magic:  0/8        EV: 12    Int: 20    God:
Gold:   36         SH:  0    Dex: 11    Spells: 8/9 levels left

rFire    . . .     SeeInvis .   a - +4 short sword
rCold    . . .     Gourm    .   (no shield)
rNeg     . . .     Faith    .   i - +0 robe
rPois    .         Spirit   +   b - +0 hat
rElec    .         Reflect  .   (no cloak)
rCorr    .         Harm     .   n - +0 pair of gloves
MR       .....                  (no boots)
Stlth    +.........             (no amulet)
Regen    0.1/turn               (no ring)
MPRegen  0.2/turn               (no ring)

@: no status effects
A: hooves 1, magic shield
a: no special abilities


You were on level 1 of the Dungeon.
You were not hungry.

You visited 1 branch of the dungeon, and saw 2 of its levels.

You collected 36 gold pieces.

Inventory:

Hand Weapons
 a - a +4 short sword (weapon)
Missiles
 e - 22 stones (quivered)
 g - 41 arrows
 p - 11 poisoned needles
Armour
 b - a +0 hat (worn)
 i - a +0 robe (worn)
 n - a +0 pair of gloves (worn)
Scrolls
 h - a scroll of recharging {unknown}
 o - a scroll of teleportation
 r - 3 scrolls of enchant weapon
Potions
 j - a potion of might {unknown}
 k - 2 potions of curing {unknown}
 l - 2 potions of agility
Books
 c - a book of Minor Magic

   Spells                             Type                      Level
   a - Magic Dart                     Conjuration                  1
   b - Blink                          Translocation                2
   c - Call Imp                       Summoning                    2
   d - Slow                           Hexes                        2
   e - Conjure Flame                  Conjuration/Fire             3
   f - Mephitic Cloud                 Conjuration/Poison/Air       3
Comestibles
 d - a bread ration
 f - 2 royal jellies


   Skills:
 - Level 1.7 Dodging
 - Level 1.7 Stealth
 * Level 3.6 Spellcasting
 * Level 2.2 Conjurations
   Level 1.0 Summonings
   Level 0.8 Translocations


You had 8 spell levels left.
You knew the following spells:

 Your Spells              Type           Power        Failure   Level  Hunger
a - Magic Dart            Conj           ##..         5%          1    None


Dungeon Overview and Level Annotations

Branches:
Dungeon (2/15)

Altars:


Innate Abilities, Weirdness & Mutations

You have large cloven feet.
When hurt, damage is shared between your health and your magic reserves.


Message History

Press: ? - help, Shift-Dir - straight line, f/p - gnoll
Aim: a gnoll, wielding a flail (severely wounded)
The magic dart hits the gnoll.
The gnoll is severely wounded.
The gnoll hits you with a flail.
Casting: Magic Dart
Confirm with . or Enter, or press ? or * to list all spells.
You don't have enough magic to cast that spell.
The gnoll hits you with a flail!
Ouch! That really hurt!
* * * LOW HITPOINT WARNING * * *
You climb upwards.
There is a stone staircase leading down, spattered with blood here.
You barely miss the gnoll.
The gnoll is severely wounded.
The gnoll hits you but does no damage.
You closely miss the gnoll.
The gnoll is severely wounded.
The gnoll hits you with a flail.
You die...

##...##.# #......#
#.###.#.####...#..#
.## ##.........#..#
.# #...###...#..#
'## ###..........#
..# #.#######.##
..# #.# #.# ..###
#.# #.# ....#
#.#######@#
....####)......)g#
.......#.#########
⌠......+.## ###
.......#..###.##
....####..##...##
...<# #..#.....##
..### #.........#
..# ##.#.....##


You could see a gnoll.

Vanquished Creatures
  A gnoll (D:1)
  An ooze (D:1)
  3 giant cockroaches (D:1)
  4 goblins
  4 hobgoblins (D:1)
  3 bats (D:1)
  2 kobolds (D:1)
  2 rats (D:1)
20 creatures vanquished.

Notes
Turn   | Place    | Note
-------+----------+-------------------------------------------
     0 | D:1      | Chiseanne the Demonspawn Wizard began the quest for the Orb.
     0 | D:1      | Reached XP level 1. HP: 13/13 MP: 4/4
   455 | D:1      | Gained mutation: When hurt, damage is shared between your health and your magic reserves. [demonic ancestry]
   455 | D:1      | Reached XP level 2. HP: 3/19 MP: 0/6
  1300 | D:1      | Gained mutation: You have large cloven feet. [demonic ancestry]
  1300 | D:1      | Reached XP level 3. HP: 16/24 MP: 1/8
  1403 | D:2      | HP: 1/24 [gnoll/flail (13)]
  1406 | D:1      | Slain by a gnoll

Skill      XL: |  1  2 |
---------------+-------+-----
Conjurations   | 2 |  2.2
Dodging        | |  1.7
Stealth        | |  1.7
Spellcasting   | |  3.6
Summonings     | |  1.0
Translocations | |  0.8

Action                   || total
-------------------------++-------
Melee: Unarmed           ||    16
       Short sword       ||    15
 Cast: Magic Dart        ||    58
  Use: Scroll            ||     6
  Eat: Chunk             ||     1
Armor: Robe              ||    18
Dodge: Dodged            ||    35
